 Dungeon Crawl Stone Soup version 0.19.5 (webtiles) character file.

204 spiff the Ducker (level 5, 0/42 HPs)
             Began as a Merfolk Gladiator on Mar 30, 2017.
             Slain by an orc
             ... wielding a +0 morningstar
              (9 damage)
             ... on level 4 of the Dungeon.
             The game lasted 00:07:44 (3695 turns).

spiff the Ducker (Merfolk Gladiator)                Turns: 3695, Time: 00:07:44

Health: 0/42       AC:  6    Str: 15    XL:     5   Next: 82%
Magic:  5/5        EV: 15    Int:  9    God:
Gold:   128        SH:  0    Dex: 14    Spells: 0 memorised, 4 levels left

rFire  . . .     SeeInvis .     a - +0 trident
rCold  . . .     Gourm    .     b - +0 leather armour
rNeg   . . .     Faith    .     (no shield)
rPois  .         Spirit   .     c - +1 helmet
rElec  .         Reflect  .     i - +0 cloak
rCorr  .         Harm     .     (no gloves)
MR     .....                    (no boots)
Stlth  +.........               (no amulet)
                                (no ring)
                                (no ring)

@: lethally poisoned (0 -> -8)
A: change form in water, swift swim, stealthy swim
a: no special abilities


You were on level 4 of the Dungeon.
You were not hungry.

You visited 1 branch of the dungeon, and saw 4 of its levels.

You collected 128 gold pieces.

Inventory:

Hand Weapons
 a - a +0 trident (weapon)
Missiles
 d - 2 throwing nets (quivered)
Armour
 b - a +0 leather armour (worn)
 c - a +1 helmet (worn)
 i - a +0 cloak (worn)
Wands
 l - a wand of digging (5/24)
Scrolls
 o - a scroll of fog {unknown}
 q - a scroll of enchant armour
 r - a scroll of amnesia {unknown}
 t - a scroll of remove curse
Potions
 e - a potion of curing {unknown}
 j - 2 potions of brilliance {unknown}
 k - a potion of haste
 m - a potion of degeneration {unknown}
 n - 2 potions of magic
 p - a potion of flight {unknown}
Comestibles
 f - 4 bread rations
 g - 2 royal jellies
 h - 4 meat rations
 s - 2 chunks of flesh


   Skills:
 + Level 4.1 Fighting
 + Level 6.0 Polearms
 - Level 2.0 Throwing
 + Level 6.0 Dodging


You had 4 spell levels left.
You didn't know any spells.

Dungeon Overview and Level Annotations

Branches:
Dungeon (4/15)             Temple (0/1) D:4

Altars:
Ashenzari
Dithmenos

Annotations:
D:3 Squonk's ghost, amateur DsTm


Message History

You closely miss the adder.
The adder is moderately wounded.
You feel sick. The adder closely misses you. x2
You hit the adder but do no damage.
The adder is moderately wounded.
You hear the brisk rusting of a distant drain.
The adder barely misses you. The orc hits you with a morningstar!
* * * LOW HITPOINT WARNING * * *
You hit the adder.
The adder is severely wounded.
You feel sick. The adder bites you but does no damage.
The orc completely misses you.
You hit the adder.
The adder is almost dead.
The adder bites you.
* * * LOW HITPOINT WARNING * * *
You are more poisoned.
The adder poisons you! The adder bites you but does no damage.
The orc hits you with a morningstar!
You die...

#.#.### #.## #
..#...# ##...##
#..... .......
#.#.. .......
#... ##..#.
#######..###.#.
.. #.
...............
#. #o# #. #@# #
#. .### #S# (#
.###. ... #.# ...
.....
#.###.###..#
.....
#..##......#
#....
######......###.#
#....
#..........##...#
#####
#.............##
#..........#...#


You could see an adder and an orc.

Vanquished Creatures
  A howler monkey (D:4)
  An orc priest (D:3)
  A hound (D:4)
  5 adders (D:2)
  4 leopard geckos
  3 orcs (D:3)
  5 bats
  2 giant cockroaches
  6 goblins
  3 hobgoblins
  6 jackals
  6 kobolds (D:2)
  4 quokkas
  3 frilled lizards
  7 rats
57 creatures vanquished.

Notes
Turn   | Place    | Note
-------+----------+-------------------------------------------
     0 | D:1      | spiff the Merfolk Gladiator began the quest for the Orb.
     0 | D:1      | Reached XP level 1. HP: 16/16 MP: 1/1
   137 | D:1      | Reached XP level 2. HP: 22/23 MP: 2/2
  1164 | D:2      | Reached XP level 3. HP: 14/28 MP: 3/3
  1649 | D:2      | Reached skill level 5 in Polearms
  1735 | D:2      | Reached skill level 5 in Dodging
  1735 | D:2      | Reached XP level 4. HP: 33/35 MP: 4/4
  1987 | D:2      | Found a shattered altar of Ashenzari.
  2572 | D:3      | Found a shadowy altar of Dithmenos.
  2659 | D:3      | Noticed Squonk's ghost (amateur DsTm)
  2836 | D:3      | Reached XP level 5. HP: 5/42 MP: 5/5
  3655 | D:4      | Found a staircase to the Ecumenical Temple.
  3695 | D:4      | Slain by an orc

Skill      XL: |  1  2  3  4  5 |
---------------+----------------+-----
Fighting       | 3 4 |  4.1
Polearms       | 5 6 |  6.0
Dodging        | 5 6 |  6.0
Throwing       | |  2.0

Action                   |  1- 3 |  4- 6 || total
-------------------------+-------+-------++-------
Melee: Trident           |    46 |   146 ||   192
       Spear             |   137 |       ||   137
Throw: Throwing net      |     2 |       ||     2
  Use: Scroll            |     5 |     1 ||     6
 Stab: Sleeping          |     1 |     1 ||     2
       Held in net/web   |     1 |       ||     1
  Eat: Chunk             |     3 |     6 ||     9
Armor: Leather armour    |    39 |    36 ||    75
Dodge: Dodged            |   114 |   110 ||   224
